 Dungeon Crawl Stone Soup version 0.23-a0-183-gf37f6fb (webtiles) character file.

1460 Irindil the Cruncher (level 8, 0/69 HPs)
             Began as a Centaur Gladiator on Sept 22, 2018.
             Was a Follower of Qazlal.
             Slain by a hog (7 damage)
             ... on level 7 of the Dungeon.
             The game lasted 00:19:50 (5988 turns).

Irindil the Cruncher (Centaur Gladiator)            Turns: 5988, Time: 00:19:51

Health: 0/69       AC:  9    Str: 19    XL:     8   Next: 48%
Magic:  8/8        EV: 10    Int:  7    God:    Qazlal [*.....]
Gold:   447        SH:  2    Dex: 11    Spells: 7/7 levels left

rFire    . . .     SeeInvis .   a - +0 quarterstaff
rCold    . . .     Gourm    .   (shield currently unavailable)
rNeg     . . .     Faith    .   b - +0 leather armour
rPois    .         Spirit   .   c - +0 helmet
rElec    .         Reflect  .   r - +2 cloak
rCorr    +         Harm     .   D - +0 pair of gloves
MR       .....                  (no barding)
Stlth    +.........             C - amulet of regeneration
HPRegen  0.61/turn              y - ring of resist corrosion
MPRegen  0.11/turn              (no ring)

@: marked, very quick
A: large, hooves 3, deformed body, speed 2, tough skin 3
a: Renounce Religion


You were on level 7 of the Dungeon.
You worshipped Qazlal.
Qazlal was aware of your devotion.
You were not hungry.

You visited 2 branches of the dungeon, and saw 8 of its levels.
You also visited: Ossuary.

You collected 447 gold pieces.

Inventory:

Hand Weapons
 a - a +0 quarterstaff (weapon)
Missiles
 d - 3 throwing nets (quivered)
Armour
 b - a +0 leather armour (worn)
 c - a +0 helmet (worn)
 r - a +2 cloak (worn)
 D - a +0 pair of gloves (worn)
Jewellery
 y - a ring of resist corrosion (left hand)
 C - an amulet of regeneration (around neck)
Wands
 u - a wand of digging (19)
 v - a wand of acid (6)
Scrolls
 h - 2 scrolls of enchant weapon {unknown}
 i - a scroll of blinking {unknown}
 l - a scroll of remove curse
 m - a scroll of fog
 o - a scroll of amnesia {unknown}
 x - a scroll of magic mapping
 z - 2 scrolls of enchant armour {unknown}
 E - a scroll of identify
 F - 3 scrolls of teleportation {unknown}
 G - a scroll of immolation {unknown}
Potions
 e - 4 potions of lignification
 g - 3 potions of curing {unknown}
 j - a potion of invisibility {unknown}
 n - 3 potions of haste {unknown}
 p - 2 potions of ambrosia
 q - 2 potions of degeneration {unknown}
 s - a potion of flight {unknown}
 t - 3 potions of resistance {unknown}
 w - a potion of mutation {unknown}
 A - a potion of magic {unknown}
 B - 2 potions of might {unknown}
 H - 2 potions of heal wounds {unknown}
Comestibles
 f - 10 rations


   Skills:
 + Level 5.4 Fighting
 + Level 8.9 Staves
 - Level 2.1 Throwing
 - Level 2.1 Dodging


You had 7 spell levels left.
You didn't know any spells.
Your spell library contained the following spells:

 Spells                   Type           Power        Failure   Level  Hunger
 Animate Skeleton         Necr           N/A          50%         1    ##.....
 Apportation              Tloc           #.....       50%         1    ##.....
 Confusing Touch          Hex            #.....       50%         1    ##.....
 Summon Small Mammal      Summ           #...         50%         1    ##.....


Dungeon Overview and Level Annotations

Branches:
Dungeon (7/15)             Temple (1/1) D:5

Altars:
Dithmenos
Fedhas
Gozag
Kikubaaqudgha
Makhleb
Nemelex Xobeh
Okawaru
Qazlal
Ru
Trog
Vehumet
Wu Jian
Xom
Zin
The Shining One

Annotations:
D:7 Harold, Joseph


Innate Abilities, Weirdness & Mutations

You have hooves in place of feet.
Armour fits poorly on your strangely shaped body.
You cover ground very quickly.
You have extremely tough skin. (AC +3)


Message History

A hog comes into view.
The hippogriff bites you but does no damage.
The hippogriff closely misses you.
The hippogriff claws you but does no damage.
The centaur shoots an arrow.
The arrow hits you but does no damage.
You see here an arrow.
The centaur shoots an arrow.
The arrow barely misses you.
The centaur shoots an arrow.
The arrow hits you.
* * * LOW HITPOINT WARNING * * *
You see here an arrow.
A human comes into view. It is wielding a hand axe.
The hog is engulfed in blazing flames.
As you read the scroll labeled KIBUJI JOKEMIN, it crumbles to dust.
You hear a loud clanging noise!
It was a scroll of noise.
As you read the scroll labeled ARPHAF KEODEG, it crumbles to dust.
You feel aware of your surroundings.
It was a scroll of magic mapping.
A quokka comes into view.
The hog bites you!
You die...

#....##....#...##.......##
#######....#....r.......o.
*.....+...o(.(.(.((..
*######....o(..o....#
##...##.c.##.....(..#
#.........##........#
#......H............#
#...hh..............#
#...@ยง..............#
*#.........%.........#
#.....##...##....,,,**
########...#*....,,,**
*>,,,....#,,..,,,,,*
*,,,,,...#,,,,,,,,,*
*,,,,,,..#,,,,,,,,,*
*,,,,,,,,*,,,,,,,,,*
*,,,,,,,,*,,,,,,,,,*


You could see a hippogriff, 2 hogs, an orc warrior, a centaur, an orc and a
quokka.

Vanquished Creatures
  An ice beast (D:5)
  A sky beast (D:7)
  A phantom (D:6)
  An ogre (D:4)
  3 elf zombies (Ossuary)
  A crimson imp (D:5)
  2 centaur zombies (Ossuary)
  A howler monkey (D:6)
  A bullfrog zombie (D:7)
  A bullfrog skeleton (D:4)
  2 hounds (D:7)
  A gnoll shaman (D:5)
  7 human zombies (Ossuary)
  2 iguanas
  A worker ant (D:4)
  A hound skeleton (D:7)
  3 mummies (Ossuary)
  5 adders
  13 gnolls
  2 adder skeletons
  An adder zombie (D:6)
  3 worms
  3 dart slugs
  A leopard gecko (D:4)
  8 orcs
  8 giant cockroaches
  2 goblins (D:3)
  11 hobgoblins
  9 kobolds
  A quokka (D:5)
  10 bats
  7 frilled lizards
  12 rats
126 creatures vanquished.

Notes
Turn   | Place    | Note
-------+----------+-------------------------------------------
     0 | D:1      | Irindil the Centaur Gladiator began the quest for the Orb.
     0 | D:1      | Reached XP level 1. HP: 17/17 MP: 1/1
   278 | D:1      | Reached skill level 3 in Staves
   305 | D:1      | Reached XP level 2. HP: 23/24 MP: 2/2
   849 | D:2      | Found a bloodstained altar of Trog.
   854 | D:2      | Reached XP level 3. HP: 30/30 MP: 3/3
  1681 | D:3      | Reached skill level 4 in Staves
  1839 | D:3      | Reached XP level 4. HP: 28/37 MP: 4/4
  1943 | D:3      | Found a shimmering altar of Xom.
  2595 | D:3      | Found a glowing silver altar of Zin.
  2749 | D:3      | Reached XP level 5. HP: 44/45 MP: 5/5
  2876 | D:4      | Noticed an ogre
  2884 | D:4      | Killed an ogre
  2884 | D:4      | Reached skill level 5 in Staves
  3148 | D:4      | Reached XP level 6. HP: 13/51 MP: 6/6
  3521 | D:4      | Noticed an air elemental
  3522 | D:4      | Found a stormy altar of Qazlal.
  3525 | D:4      | Noticed a water elemental
  3525 | D:4      | Noticed a fire elemental
  3597 | D:4      | Became a worshipper of Qazlal Stormbringer
  3746 | D:4      | Found an ornate altar of the Wu Jian Council.
  3831 | D:5      | Entered Level 5 of the Dungeon
  3868 | D:5      | Noticed an ice beast
  3894 | D:5      | Killed an ice beast
  3894 | D:5      | Reached skill level 6 in Staves
  3903 | D:5      | Found a staircase to the Ecumenical Temple.
  3925 | Temple   | Entered the Ecumenical Temple
  4257 | D:5      | Found a bloodstained altar of Trog.
  4682 | D:6      | Reached XP level 7. HP: 48/59 MP: 7/7
  4686 | D:6      | Found a blossoming altar of Fedhas.
  4804 | D:6      | Noticed a komodo dragon
  4858 | D:6      | Found a sand-covered staircase.
  4864 | Ossuary  | Entered an ossuary
  4900 | Ossuary  | Reached skill level 7 in Staves
  5044 | Ossuary  | Reached * piety under Qazlal
  5066 | Ossuary  | Reached skill level 8 in Staves
  5066 | Ossuary  | Reached XP level 8. HP: 45/67 MP: 8/8
  5181 | D:5      | Reached skill level 5 in Fighting
  5279 | D:6      | Found an opulent altar of Gozag.
  5936 | D:7      | Noticed Joseph
  5951 | D:7      | Noticed Harold
  5970 | D:7      | Noticed a hippogriff
  5979 | D:7      | HP: 3/69 [centaur/arrow (4)]
  5988 | D:7      | Slain by a hog

Vault maps used:
D:1:      dpeg_chamrin_arrival_tetris, minmay_misc_feat_tower, st_stairs_14
D:2:      first_ration, bloody_trog
D:3:      xom_teletrap_fun, lemuel_crystal_altar, kennysheep_generic_room_14
D:4:      marbit_many_paths, corexii_corridor_pit, hangedman_decor_peaks_small,
          nicolae_qazlal_style_of_elements
D:5:      kennysheep_mini_moat, minmay_temple_entry_junction
D:6:      fedhas_altar_3, lemuel_coloured_pillars_altar, enter_ossuary_2
D:7:      minmay_stone_trees_large, grunt_livestock, uniq_joseph, uniq_harold
Temple:   compressed_dpeg_triangle_lava_temple
Ossuary:  ossuary_minmay_four_chambers

Skill      XL: |  1  2  3  4  5  6  7  8 |
---------------+-------------------------+-----
Staves         | 3 4 5 6 8 |  8.9
Fighting       | 3 4 5 |  5.4
Throwing       | |  2.1
Dodging        | |  2.1

Action                   |  1- 3 |  4- 6 |  7- 9 || total
-------------------------+-------+-------+-------++-------
Melee: Quarterstaff      |   121 |   144 |   245 ||   510
       Kick              |    19 |    35 |    76 ||   130
  Use: Scroll            |       |     4 |     3 ||     7
  Eat: Chunk             |     2 |     7 |     1 ||    10
       Ration            |       |       |     1 ||     1
Armor: Leather armour    |    52 |    40 |    87 ||   179
Dodge: Dodged            |    52 |    64 |   113 ||   229
Block: Other             |       |       |     8 ||     8

Table legend:
 A = Non-vault XP
 B = Vault XP
 C = Vault XP percentage of total XP
 D = Non-vault monster count
 E = Vault monster count
 F = Vault count percentage of total count
                 A         B        C        D         E       F
            +---------+---------+-------+---------+---------+-------
      Total |    1353 |     734 |  35.2 |     108 |      18 |  14.3
            +---------+---------+-------+---------+---------+-------
        D:1 |      37 |       2 |   5.1 |      24 |       1 |   4.0
        D:2 |      37 |       0 |   0.0 |      15 |       0 |   0.0
        D:3 |     129 |       1 |   0.8 |      30 |       1 |   3.2
        D:4 |     239 |       3 |   1.2 |       7 |       1 |  12.5
        D:5 |     295 |       0 |   0.0 |      11 |       0 |   0.0
        D:6 |     286 |       0 |   0.0 |      11 |       0 |   0.0
        D:7 |     330 |       0 |   0.0 |      10 |       0 |   0.0
    Ossuary |       0 |     728 | 100.0 |       0 |      15 | 100.0
            +---------+---------+-------+---------+---------+-------
